AoeStats
← Fluvialgeomorphologist

Black Forest

507646724Analyzed
4v4 RM · 13d ago on Sep 19, 2026· 59m 31s· 8 players
Game mode
Random Map
Map size
Large (8 player)
Population
200
Speed
Normal
Resources
Standard
Victory
Conquest
Starting age
Dark Age
Ending age
Imperial Age
RankedLock teamsTeams togetherTeam positionsShared explorationLock speedFull tech treeHidden civsTurbo modeCheats
Victory
Defeat
🇻🇪 Bohemians · Venezuela
941
+11
🇵🇪 Khmer · Peru
833
+15
🇵🇪 Mongols · Peru
832
+15
🇵🇪 Vikings · Peru
728
+19
🇲🇽 Mongols · Mexico
1000
-23
🇺🇸 Bohemians · United States
901
-19
🇺🇸 Franks · United States
669
-9
🇲🇦 Persians · Morocco
654
-9
LitiumJCH
10:21 Loom
12:36 Feudal Age
16:34 Scale Barding Armor
16:22 Fletching
16:32 Padded Archer Armor
16:38 Double-Bit Axe
16:36 Horse Collar
21:15 Castle Age
20:07 Gold Mining
21:26 Stone Mining
22:35 Bloodlines
22:25 Husbandry
23:16 Bow Saw
32:01 Heavy Plow
33:14 Chain Barding Armor
33:10 Leather Archer Armor
35:06 Bodkin Arrow
40:33 Imperial Age
42:00 Heavy Camel Rider
43:10 Capped Ram
44:14 Conscription
44:33 Ballistics
45:13 Chemistry
44:25 Masonry
44:22 Siege Engineers
45:29 Drill
44:51 Siege Ram
46:59 Heavy Scorpion
48:16 Bracer
48:14 Murder Holes
51:10 Light Cavalry
God Ganesh
1:50 Loom
15:53 Feudal Age
16:15 Horse Collar
16:32 Double-Bit Axe
21:00 Castle Age
19:03 Gold Mining
21:45 Heavy Plow
22:58 Bow Saw
24:38 Gold Shaft Mining
26:38 Wheelbarrow
30:48 Imperial Age
30:58 Heated Shot
31:34 Hand Cart
32:38 Double Crossbow
32:00 Heavy Scorpion
33:54 Chemistry
34:29 Caravan
37:52 Siege Engineers
57:36 Spies/Treason
DavidxGabriel
0:31 Loom
18:46 Feudal Age
23:38 Castle Age
21:52 Town Watch
21:59 Double-Bit Axe
22:50 Gold Mining
23:10 Stone Mining
26:11 Town Patrol
27:39 Gold Shaft Mining
27:35 Bow Saw
34:31 Imperial Age
32:50 Squires
32:42 Fletching
32:37 Treadmill Crane
33:54 Bodkin Arrow
33:58 Murder Holes
34:39 Fortified Wall
35:26 Ballistics
38:47 Two-Man Saw
37:47 Onager
39:14 Forging
40:22 Chemistry
40:36 Arrowslits
41:48 Siege Engineers
41:56 Heavy Scorpion
42:55 Bracer
42:55 Horse Collar
43:48 Scale Mail Armor
44:07 Masonry
44:33 Iron Casting
44:57 Caravan
47:18 Blast Furnace
46:33 Chain Mail Armor
46:21 Chieftains
45:46 Elite Berserk
46:13 Arson
47:16 Capped Ram
49:31 Hoardings
49:29 Plate Mail Armor
51:08 Architecture
51:13 Conscription
51:02 Gambesons
50:38 Man-at-Arms
50:39 Pikeman
50:58 Siege Ram
52:06 Padded Archer Armor
53:38 Coinage
55:37 Leather Archer Armor
54:47 Long Swordsman
the King
0:31 Loom
13:25 Feudal Age
17:36 Double-Bit Axe
17:33 Horse Collar
21:15 Castle Age
25:43 Fletching
25:53 Padded Archer Armor
27:14 Bodkin Arrow
27:35 Leather Archer Armor
34:11 Imperial Age
34:57 Leather Archer Armor
35:34 Bow Saw
36:55 Ring Archer Armor
36:25 Bracer
37:16 Conscription
37:15 Forging
37:05 Scale Mail Armor
36:30 Pikeman
37:10 Squires
41:23 Man-at-Arms
42:46 Iron Casting
42:27 Chain Mail Armor
42:20 Long Swordsman
43:26 Heavy Plow
44:02 Wheelbarrow
43:12 Two-Handed Swordsman
50:35 Blast Furnace
50:05 Plate Mail Armor
51:42 Plate Mail Armor
51:52 Caravan
57:26 Fishing Lines
58:03 Hand Cart
58:46 Champion
HumberV
12:19 Feudal Age
13:22 Double-Bit Axe
15:41 Wheelbarrow
25:25 Castle Age
27:11 Caravan
28:36 Gold Mining
29:35 Husbandry
30:13 Hand Cart
30:43 Scale Barding Armor
30:49 Forging
31:08 Stone Mining
31:53 Gold Shaft Mining
38:05 Chain Barding Armor
38:20 Iron Casting
40:57 Imperial Age
39:03 #83
41:20 Cavalier
44:18 Paladin
46:08 Chemistry
ing.bio.aaron
0:30 Loom
15:30 Feudal Age
16:00 Town Watch
16:51 Wheelbarrow
16:04 Double-Bit Axe
22:00 Castle Age
22:55 Bow Saw
23:46 Fletching
24:58 Caravan
26:30 Bodkin Arrow
28:45 Murder Holes
29:13 Ballistics
30:00 Guard Tower
31:02 Padded Archer Armor
33:49 Hand Cart
34:42 Town Patrol
35:33 Masonry
36:06 Fortified Wall
38:46 Imperial Age
38:00 Leather Archer Armor
37:51 Scale Barding Armor
38:47 Forging
39:32 Bracer
40:35 Chemistry
39:53 Gold Mining
39:55 Stone Mining
39:47 Horse Collar
40:59 Conscription
41:25 Siege Engineers
40:50 Pikeman
41:31 Squires
42:29 Scale Mail Armor
43:33 Drill
44:08 Chain Mail Armor
44:17 Elite Mangudai
49:16 Plate Mail Armor
49:21 Iron Casting
50:40 Chain Barding Armor
51:32 Husbandry
50:56 Light Cavalry
51:46 Bloodlines
53:21 Blast Furnace
51:46 Hussar
52:43 Arson
54:52 Stone Shaft Mining
54:52 Gold Shaft Mining
amrani.hassan91
8:57 Loom
13:52 Feudal Age
14:15 Horse Collar
17:13 Double-Bit Axe
21:01 Wheelbarrow
20:13 Town Watch
25:01 Castle Age
22:57 Gold Mining
23:48 Stone Mining
26:39 Bow Saw
26:35 Heavy Plow
28:14 Hand Cart
28:32 Crossbowman
34:23 Kamandaran
34:38 Thumb Ring
36:54 Fletching
37:04 Padded Archer Armor
37:15 Forging
41:25 Imperial Age
42:19 Onager
45:25 Bodkin Arrow
45:46 Leather Archer Armor
48:55 Chemistry
Fluvialgeomorphologist
0:58 Loom
15:10 Feudal Age
20:02 Castle Age
18:21 Double-Bit Axe
19:40 Horse Collar
23:15 Fervor
29:09 Chemistry
29:42 Wheelbarrow
31:21 Bow Saw
33:47 Imperial Age
32:14 Fletching
33:12 Pikeman
33:53 Squires
38:53 Wagenburg Tactics
Connection lost

Rejoining the realm…

Still unreachable

The connection could not be restored.

Session expired

The server has moved on; the page needs a fresh start.